[ AOE2 MATCH · #463560351 ]
Team RMItalians vs Saracens
[ REPLAY ANALYSIS · EXTRACTED FROM THE RECORDED GAME ]
Feudal
11:39
Castle
16:50
Imperial
—
| APM avg | 55.3 |
| APM peak | 131 |
| eAPM avg | 15.2 |
| Villagers / military | 89 / 51 |
Focus
⚔️ 28.4% · 🌾 71.6%
Genoese Crossbowman ×51
Feudal
9:50
Castle
21:50
Imperial
—
| APM avg | 25.6 |
| APM peak | 49 |
| eAPM avg | 14.1 |
| Villagers / military | 109 / 110 |
Focus
⚔️ 23.7% · 🌾 76.3%
Camel Scout ×90 · Steppe Lancer ×10 · Spearman ×4 · Knight ×4 · Battering Ram ×2
Feudal
10:30
Castle
20:38
Imperial
—
| APM avg | 57.3 |
| APM peak | 122 |
| eAPM avg | 21.9 |
| Villagers / military | 64 / 42 |
Focus
⚔️ 18.7% · 🌾 81.3%
Skirmisher ×18 · Mangudai ×10 · Steppe Lancer ×8 · Spearman ×2 · Scout Cavalry ×2 · Camel Scout ×2
Feudal
9:17
Castle
20:00
Imperial
—
| APM avg | 37.3 |
| APM peak | 73 |
| eAPM avg | 19.6 |
| Villagers / military | 86 / 77 |
Focus
⚔️ 37.0% · 🌾 63.0%
Camel Scout ×39 · Scout Cavalry ×19 · Knight ×7 · Scorpion ×6 · Spearman ×3 · Mangonel ×3
Match map
Resources at game start + every placement click. Thick line = wall · dashed box = detected house wall. 🟡 gold · ⚪ stone · 🟢 berries · 🔶 boar · ⭕ relic
Inputs per minute
— Gonpachiro Kamaboko - - mecA blaZ
Build order — Gonpachiro Kamaboko
First 150 of 227 actions detected
| 0:04 | Build | House |
| 0:07 | Build | House |
| 0:12 | Create | Villager (Male) |
| 0:12 | Create | Villager (Male) |
| 0:12 | Create | Villager (Male) |
| 0:12 | Create | Villager (Male) |
| 1:46 | Create | Villager (Male) |
| 1:47 | Create | Villager (Male) |
| 1:57 | Create | Villager (Male) |
| 1:57 | Create | Villager (Male) |
| 2:01 | Build | Lumber Camp |
| 2:28 | Create | Villager (Male) |
| 2:28 | Create | Villager (Male) |
| 3:00 | Create | Villager (Male) |
| 3:00 | Create | Villager (Male) |
| 3:36 | Build | House |
| 3:44 | Create | Villager (Male) |
| 4:06 | Build | Mill |
| 4:07 | Create | Villager (Male) |
| 4:08 | Create | Villager (Male) |
| 4:44 | Create | Villager (Male) |
| 5:13 | Create | Villager (Male) |
| 5:13 | Create | Villager (Male) |
| 5:13 | Create | Villager (Male) |
| 5:42 | Build | House |
| 5:47 | Create | Villager (Male) |
| 5:47 | Create | Villager (Male) |
| 6:15 | Build | Palisade Wall |
| 6:21 | Create | Villager (Male) |
| 6:38 | Create | Villager (Male) |
| 6:38 | Create | Villager (Male) |
| 6:38 | Create | Villager (Male) |
| 6:39 | Create | Villager (Male) |
| 6:39 | Create | Villager (Male) |
| 6:43 | Create | Villager (Male) |
| 6:43 | Create | Villager (Male) |
| 7:02 | Create | Villager (Male) |
| 7:02 | Create | Villager (Male) |
| 7:23 | Create | Villager (Male) |
| 7:29 | Build | Mining Camp |
| 7:49 | Build | Palisade Wall |
| 7:58 | Create | Villager (Male) |
| 7:58 | Create | Villager (Male) |
| 8:13 | Research | Loom |
| 8:20 | Build | Palisade Wall |
| 8:52 | Research | Feudal Age |
| 9:13 | Build | House |
| 10:06 | Build | Palisade Wall |
| 10:16 | Build | Palisade Wall |
| 10:36 | Create | Villager (Male) |
| 10:37 | Create | Villager (Male) |
| 10:49 | Build | Farm |
| 10:50 | Build | Farm |
| 10:50 | Build | Farm |
| 11:26 | Build | Palisade Wall |
| 11:39 | Age | Feudal Age |
| 11:47 | Build | Farm |
| 11:47 | Build | Farm |
| 11:48 | Build | Farm |
| 11:59 | Build | Blacksmith |
| 12:16 | Build | House |
| 12:19 | Create | Villager (Male) |
| 13:23 | Build | Market |
| 14:10 | Research | Castle Age |
| 14:11 | Research | Castle Age |
| 14:19 | Build | Mining Camp |
| 14:37 | Research | Stone Mining |
| 16:31 | Create | Villager (Male) |
| 16:31 | Create | Villager (Male) |
| 16:50 | Age | Castle Age |
| 16:57 | Build | Castle |
| 17:09 | Create | Villager (Male) |
| 17:11 | Research | Double-Bit Axe |
| 17:23 | Build | Lumber Camp |
| 17:42 | Research | Fletching |
| 17:54 | Create | Villager (Male) |
| 18:06 | Research | Gold Mining |
| 18:16 | Build | Farm |
| 18:16 | Build | Farm |
| 18:28 | Build | Building 796 |
| 18:40 | Create | Genoese Crossbowman |
| 18:40 | Create | Genoese Crossbowman |
| 18:46 | Build | House |
| 18:51 | Create | Villager (Male) |
| 18:52 | Create | Villager (Male) |
| 19:27 | Create | Villager (Male) |
| 19:38 | Build | House |
| 19:42 | Create | Villager (Male) |
| 19:43 | Create | Villager (Male) |
| 20:03 | Create | Genoese Crossbowman |
| 20:13 | Build | Farm |
| 20:17 | Build | Farm |
| 20:21 | Build | House |
| 20:23 | Create | Genoese Crossbowman |
| 20:23 | Create | Genoese Crossbowman |
| 20:28 | Research | Padded Archer Armor |
| 20:28 | Research | Padded Archer Armor |
| 20:39 | Build | Farm |
| 20:39 | Build | Farm |
| 20:39 | Build | Farm |
| 20:43 | Create | Villager (Male) |
| 20:45 | Create | Genoese Crossbowman |
| 20:51 | Build | House |
| 21:04 | Build | University |
| 21:08 | Create | Genoese Crossbowman |
| 21:08 | Create | Genoese Crossbowman |
| 21:11 | Create | Villager (Male) |
| 21:11 | Create | Villager (Male) |
| 21:17 | Build | Farm |
| 21:17 | Build | Farm |
| 21:19 | Build | Farm |
| 21:25 | Create | Villager (Male) |
| 21:34 | Create | Genoese Crossbowman |
| 21:34 | Create | Genoese Crossbowman |
| 21:49 | Create | Villager (Male) |
| 21:50 | Create | Genoese Crossbowman |
| 21:51 | Create | Genoese Crossbowman |
| 22:14 | Create | Villager (Male) |
| 22:14 | Create | Villager (Male) |
| 22:14 | Create | Villager (Male) |
| 22:29 | Create | Villager (Male) |
| 22:33 | Build | House |
| 22:48 | Create | Genoese Crossbowman |
| 22:48 | Create | Genoese Crossbowman |
| 22:48 | Create | Genoese Crossbowman |
| 22:49 | Create | Genoese Crossbowman |
| 22:49 | Create | Villager (Male) |
| 22:49 | Create | Villager (Male) |
| 23:19 | Build | House |
| 23:50 | Create | Villager (Male) |
| 23:51 | Create | Genoese Crossbowman |
| 23:51 | Create | Genoese Crossbowman |
| 23:51 | Create | Genoese Crossbowman |
| 24:03 | Research | Wheelbarrow |
| 24:09 | Build | Town Center |
| 24:11 | Create | Villager (Male) |
| 24:12 | Create | Genoese Crossbowman |
| 24:12 | Create | Genoese Crossbowman |
| 25:09 | Create | Villager (Male) |
| 25:14 | Research | Ballistics |
| 25:14 | Research | Ballistics |
| 25:18 | Create | Villager (Male) |
| 25:18 | Create | Villager (Male) |
| 25:18 | Create | Villager (Male) |
| 25:19 | Create | Villager (Male) |
| 25:19 | Create | Villager (Male) |
| 25:19 | Create | Villager (Male) |
| 25:46 | Create | Villager (Male) |
| 25:46 | Create | Villager (Male) |
| 25:47 | Create | Genoese Crossbowman |
Build order — mecA blaZ
First 150 of 204 actions detected
| 0:01 | Create | Villager (Male) |
| 0:02 | Create | Villager (Male) |
| 0:02 | Create | Villager (Male) |
| 0:02 | Create | Villager (Male) |
| 0:05 | Build | House |
| 0:07 | Build | House |
| 1:33 | Create | Villager (Male) |
| 1:46 | Build | Lumber Camp |
| 1:57 | Create | Villager (Male) |
| 2:27 | Create | Villager (Male) |
| 2:48 | Build | House |
| 2:49 | Build | House |
| 2:55 | Create | Villager (Male) |
| 3:20 | Create | Villager (Male) |
| 3:31 | Build | House |
| 3:55 | Create | Villager (Male) |
| 3:59 | Build | House |
| 4:13 | Create | Villager (Male) ×2 |
| 4:16 | Build | Palisade Wall |
| 4:19 | Build | Palisade Wall |
| 4:55 | Create | Villager (Male) |
| 5:13 | Create | Villager (Male) ×3 |
| 5:39 | Build | Mill |
| 5:49 | Create | Villager (Male) |
| 6:22 | Create | Villager (Male) ×2 |
| 6:35 | Build | House |
| 6:37 | Build | Palisade Wall |
| 7:07 | Create | Villager (Male) |
| 7:32 | Build | House |
| 7:40 | Research | Feudal Age |
| 8:10 | Build | House |
| 8:17 | Build | Palisade Gate |
| 8:48 | Build | Barracks |
| 9:24 | Build | Building 800 |
| 9:50 | Age | Feudal Age |
| 9:54 | Create | Villager (Male) ×5 |
| 10:03 | Research | Double-Bit Axe |
| 10:04 | Research | Double-Bit Axe |
| 10:21 | Build | Town Center |
| 10:37 | Build | House |
| 10:45 | Create | Villager (Male) ×4 |
| 10:53 | Build | Farm |
| 11:25 | Create | Villager (Male) ×2 |
| 11:42 | Build | Farm |
| 11:43 | Build | Farm |
| 11:45 | Build | Farm |
| 11:46 | Build | Farm |
| 11:47 | Build | Farm |
| 12:22 | Create | Spearman |
| 12:23 | Create | Spearman |
| 12:46 | Build | Farm |
| 12:47 | Build | Farm |
| 13:06 | Build | Stable |
| 13:15 | Create | Villager (Male) ×3 |
| 13:50 | Create | Villager (Male) ×2 |
| 13:53 | Build | Farm |
| 13:55 | Build | Farm |
| 14:09 | Build | House |
| 14:13 | Build | Farm |
| 14:17 | Build | Farm |
| 14:20 | Build | Farm |
| 14:22 | Create | Villager (Male) |
| 14:28 | Create | Villager (Male) |
| 14:41 | Create | Villager (Male) |
| 14:44 | Build | Farm |
| 14:48 | Build | Farm |
| 14:50 | Build | Farm |
| 14:57 | Create | Villager (Male) |
| 15:08 | Create | Villager (Male) |
| 15:18 | Build | Blacksmith |
| 15:20 | Build | Farm |
| 15:21 | Build | Farm |
| 15:23 | Build | Farm |
| 15:25 | Build | Farm |
| 15:29 | Build | Farm |
| 15:31 | Build | Farm |
| 15:32 | Create | Villager (Male) ×2 |
| 15:42 | Create | Spearman |
| 15:42 | Create | Spearman |
| 16:17 | Create | Villager (Male) ×3 |
| 16:21 | Build | Farm |
| 16:24 | Build | Farm |
| 16:29 | Create | Villager (Male) ×2 |
| 16:56 | Create | Villager (Male) ×3 |
| 17:08 | Research | Wheelbarrow |
| 17:37 | Create | Villager (Male) |
| 17:37 | Create | Villager (Male) |
| 17:40 | Build | Farm |
| 17:43 | Build | Farm |
| 17:51 | Build | Farm |
| 19:06 | Build | Farm |
| 19:10 | Research | Castle Age |
| 19:11 | Create | Villager (Male) |
| 19:21 | Build | Mining Camp |
| 19:31 | Build | Stable |
| 19:36 | Build | Stable |
| 19:40 | Build | Stable |
| 19:43 | Create | Villager (Male) ×5 |
| 19:51 | Build | Farm |
| 19:52 | Build | Farm |
| 20:14 | Research | Scale Barding Armor |
| 20:14 | Research | Forging |
| 20:21 | Research | Gold Mining |
| 20:23 | Research | Horse Collar |
| 20:37 | Research | Bloodlines |
| 20:45 | Build | Farm |
| 20:49 | Build | Farm |
| 21:06 | Build | House |
| 21:09 | Build | House |
| 21:16 | Build | Farm |
| 21:22 | Build | Farm |
| 21:25 | Build | Farm |
| 21:36 | Build | House |
| 21:39 | Build | House |
| 21:41 | Build | House |
| 21:48 | Build | House |
| 21:50 | Build | House |
| 21:50 | Age | Castle Age |
| 21:51 | Build | House |
| 21:56 | Create | Steppe Lancer ×3 |
| 21:58 | Create | Villager (Male) ×5 |
| 22:16 | Build | Farm |
| 22:19 | Build | Farm |
| 22:23 | Create | Villager (Male) ×5 |
| 22:27 | Create | Steppe Lancer ×2 |
| 22:31 | Research | Gold Shaft Mining |
| 22:35 | Research | Heavy Plow |
| 22:50 | Build | Farm |
| 23:01 | Build | Farm |
| 23:02 | Build | Farm |
| 23:29 | Build | House |
| 23:31 | Build | House |
| 23:33 | Build | House |
| 23:39 | Create | Steppe Lancer ×5 |
| 23:46 | Create | Camel Scout ×2 |
| 23:53 | Build | House |
| 23:54 | Build | House |
| 23:56 | Build | House |
| 24:14 | Create | Camel Scout ×2 |
| 24:17 | Create | Villager (Male) ×5 |
| 24:45 | Create | Camel Scout ×3 |
| 24:47 | Create | Villager (Male) ×5 |
| 25:03 | Research | Bow Saw |
| 25:13 | Create | Camel Scout ×3 |
| 25:13 | Create | Camel Scout ×3 |
| 25:31 | Build | House |
| 25:33 | Build | House |
| 25:38 | Build | Mining Camp |
| 25:50 | Build | Farm |
| 25:53 | Create | Villager (Male) ×5 |
Build order — kko012
First 150 of 203 actions detected
| 0:02 | Create | Villager (Male) |
| 0:02 | Create | Villager (Male) |
| 0:03 | Create | Villager (Male) |
| 0:06 | Build | House |
| 0:10 | Build | House |
| 0:15 | Create | Villager (Male) |
| 1:54 | Build | Lumber Camp |
| 1:56 | Create | Villager (Male) |
| 1:57 | Create | Villager (Male) |
| 1:57 | Create | Villager (Male) |
| 2:35 | Create | Villager (Male) |
| 2:58 | Create | Villager (Male) |
| 3:08 | Create | Villager (Male) |
| 3:28 | Build | House |
| 3:56 | Create | Villager (Male) |
| 4:08 | Create | Villager (Male) |
| 4:44 | Create | Villager (Male) |
| 4:59 | Build | House |
| 5:06 | Create | Villager (Male) |
| 5:43 | Create | Villager (Male) |
| 5:44 | Create | Villager (Male) |
| 5:44 | Create | Villager (Male) |
| 6:21 | Build | House |
| 7:06 | Create | Villager (Male) |
| 7:38 | Build | Mill |
| 7:48 | Build | Mill |
| 7:55 | Research | Loom |
| 8:15 | Build | Palisade Wall |
| 8:18 | Research | Feudal Age |
| 8:33 | Build | Palisade Gate |
| 8:44 | Build | Palisade Wall |
| 9:30 | Build | Barracks |
| 9:40 | Create | Villager (Male) |
| 9:56 | Build | Palisade Wall |
| 10:09 | Build | House |
| 10:16 | Build | Palisade Wall |
| 10:21 | Build | Palisade Wall |
| 10:30 | Age | Feudal Age |
| 10:55 | Build | Stable |
| 11:03 | Create | Spearman |
| 11:04 | Create | Villager (Male) |
| 11:04 | Create | Villager (Male) |
| 11:10 | Build | Farm |
| 11:25 | Build | Palisade Wall |
| 11:32 | Build | Palisade Wall |
| 11:36 | Build | Palisade Wall |
| 11:44 | Create | Villager (Male) |
| 11:50 | Build | Farm |
| 12:10 | Create | Villager (Male) |
| 12:17 | Create | Scout Cavalry |
| 12:17 | Create | Scout Cavalry |
| 12:18 | Create | Villager (Male) |
| 12:40 | Build | Lumber Camp |
| 13:03 | Build | Building 796 |
| 13:07 | Research | Wheelbarrow |
| 13:31 | Create | Villager (Male) |
| 13:31 | Create | Villager (Male) |
| 13:44 | Create | Spearman |
| 13:52 | Build | Mining Camp |
| 13:59 | Build | Farm |
| 13:59 | Build | Farm |
| 14:00 | Build | Farm |
| 14:09 | Create | Villager (Male) |
| 14:20 | Build | Palisade Wall |
| 14:34 | Create | Villager (Male) |
| 14:42 | Create | Villager (Male) |
| 15:16 | Build | House |
| 15:17 | Build | House |
| 15:27 | Build | Palisade Gate |
| 15:33 | Build | House |
| 15:44 | Build | House |
| 15:46 | Create | Villager (Male) |
| 16:04 | Build | Farm |
| 16:04 | Build | Farm |
| 16:04 | Build | Farm |
| 16:05 | Build | Farm |
| 16:10 | Build | House |
| 16:14 | Create | Villager (Male) |
| 16:18 | Build | Market |
| 16:41 | Create | Villager (Male) |
| 16:46 | Build | House |
| 17:00 | Build | Palisade Wall |
| 17:02 | Build | Palisade Wall |
| 17:05 | Create | Villager (Male) |
| 17:13 | Build | Farm |
| 17:19 | Build | Farm |
| 17:21 | Build | Farm |
| 17:24 | Build | Mining Camp |
| 17:30 | Create | Villager (Male) |
| 17:44 | Build | Farm |
| 17:54 | Research | Castle Age |
| 18:03 | Build | Farm |
| 18:08 | Research | Double-Bit Axe |
| 18:27 | Research | Stone Mining |
| 19:05 | Research | Bloodlines |
| 19:15 | Build | Farm |
| 19:16 | Research | Horse Collar |
| 19:53 | Research | Gold Mining |
| 20:31 | Create | Villager (Male) |
| 20:38 | Age | Castle Age |
| 20:50 | Create | Villager (Male) |
| 20:53 | Create | Villager (Male) |
| 21:05 | Research | Bow Saw |
| 21:14 | Build | House |
| 21:32 | Create | Villager (Male) |
| 21:43 | Build | House |
| 21:48 | Create | Villager (Male) |
| 22:13 | Create | Villager (Male) |
| 22:20 | Build | Town Center |
| 22:34 | Create | Villager (Male) |
| 22:51 | Create | Steppe Lancer |
| 22:51 | Create | Steppe Lancer |
| 22:52 | Create | Steppe Lancer |
| 23:05 | Research | Heavy Plow |
| 23:11 | Build | Farm |
| 23:32 | Create | Villager (Male) |
| 23:42 | Create | Steppe Lancer |
| 23:48 | Build | House |
| 23:51 | Build | Farm |
| 23:53 | Create | Villager (Male) |
| 24:14 | Build | Castle |
| 24:16 | Create | Steppe Lancer |
| 24:21 | Build | Farm |
| 24:21 | Build | Farm |
| 24:23 | Create | Villager (Male) |
| 24:25 | Create | Villager (Male) |
| 24:25 | Create | Villager (Male) |
| 24:26 | Create | Villager (Male) |
| 24:27 | Create | Villager (Male) |
| 24:46 | Create | Steppe Lancer |
| 24:49 | Create | Villager (Male) |
| 24:55 | Build | Blacksmith |
| 25:04 | Create | Steppe Lancer |
| 25:20 | Create | Steppe Lancer |
| 25:24 | Create | Villager (Male) |
| 25:24 | Create | Villager (Male) |
| 25:33 | Build | Archery Range |
| 25:48 | Create | Villager (Male) |
| 25:50 | Build | Farm |
| 25:51 | Build | Farm |
| 25:55 | Build | Farm |
| 26:03 | Create | Villager (Male) |
| 26:10 | Build | Archery Range |
| 26:19 | Research | Scale Barding Armor |
| 26:26 | Build | House |
| 26:28 | Build | House |
| 26:45 | Create | Mangudai |
| 26:46 | Create | Mangudai |
| 26:46 | Create | Mangudai |
| 26:54 | Research | Forging |
Build order — quinteros.gonza
First 150 of 236 actions detected
| 0:01 | Create | Villager (Male) |
| 0:01 | Create | Villager (Male) |
| 0:04 | Build | House |
| 0:07 | Build | House |
| 0:11 | Create | Villager (Male) |
| 0:12 | Create | Villager (Male) |
| 0:12 | Create | Villager (Male) |
| 1:35 | Create | Villager (Male) |
| 1:36 | Create | Villager (Male) |
| 2:09 | Create | Villager (Male) |
| 2:09 | Create | Villager (Male) |
| 2:43 | Create | Villager (Male) |
| 2:44 | Create | Villager (Male) |
| 2:44 | Create | Villager (Male) |
| 2:51 | Build | Lumber Camp |
| 3:44 | Create | Villager (Male) |
| 3:45 | Create | Villager (Male) |
| 3:45 | Create | Villager (Male) |
| 3:45 | Create | Villager (Male) |
| 4:14 | Build | House |
| 4:57 | Create | Villager (Male) |
| 4:58 | Create | Villager (Male) |
| 5:27 | Create | Villager (Male) |
| 5:30 | Build | Mill |
| 5:35 | Create | Villager (Male) |
| 5:49 | Build | House |
| 6:07 | Create | Villager (Male) |
| 6:42 | Research | Loom |
| 6:58 | Research | Feudal Age |
| 6:58 | Research | Feudal Age |
| 7:49 | Build | Barracks |
| 9:14 | Build | House |
| 9:17 | Age | Feudal Age |
| 9:20 | Build | Stable |
| 9:24 | Create | Villager (Male) |
| 9:24 | Create | Villager (Male) |
| 9:28 | Research | Double-Bit Axe |
| 9:29 | Create | Villager (Male) |
| 9:30 | Create | Villager (Male) |
| 10:15 | Create | Scout Cavalry |
| 10:15 | Create | Scout Cavalry |
| 10:15 | Create | Scout Cavalry |
| 10:15 | Create | Scout Cavalry |
| 10:16 | Create | Scout Cavalry |
| 10:20 | Create | Villager (Male) |
| 10:20 | Create | Villager (Male) |
| 10:28 | Build | Lumber Camp |
| 11:26 | Create | Villager (Male) |
| 11:27 | Create | Villager (Male) |
| 11:27 | Create | Villager (Male) |
| 11:35 | Build | House |
| 11:53 | Create | Villager (Male) |
| 11:53 | Create | Villager (Male) |
| 11:54 | Create | Villager (Male) |
| 12:10 | Create | Villager (Male) |
| 12:10 | Create | Villager (Male) |
| 12:10 | Create | Villager (Male) |
| 12:54 | Create | Scout Cavalry |
| 12:55 | Create | Scout Cavalry |
| 12:55 | Create | Scout Cavalry |
| 13:07 | Create | Villager (Male) |
| 13:08 | Create | Villager (Male) |
| 13:08 | Create | Villager (Male) |
| 13:13 | Build | Farm |
| 13:14 | Build | Farm |
| 13:14 | Build | Farm |
| 13:14 | Build | Farm |
| 13:15 | Build | Farm |
| 13:15 | Build | Farm |
| 13:15 | Build | Farm |
| 13:19 | Research | Horse Collar |
| 13:22 | Create | Villager (Male) |
| 13:22 | Create | Villager (Male) |
| 13:22 | Create | Villager (Male) |
| 13:26 | Build | House |
| 14:08 | Build | Farm |
| 14:12 | Build | Farm |
| 14:12 | Build | Farm |
| 14:12 | Build | Farm |
| 14:13 | Build | Farm |
| 14:13 | Build | Farm |
| 14:13 | Build | Farm |
| 14:16 | Create | Villager (Male) |
| 14:35 | Build | Mining Camp |
| 14:42 | Build | Market |
| 14:44 | Create | Villager (Male) |
| 14:45 | Create | Villager (Male) |
| 15:00 | Build | Farm |
| 15:57 | Create | Villager (Male) |
| 16:06 | Create | Villager (Male) |
| 17:20 | Research | Castle Age |
| 17:24 | Build | Farm |
| 17:24 | Build | Farm |
| 17:24 | Build | Farm |
| 17:25 | Build | Farm |
| 17:25 | Build | Farm |
| 17:42 | Build | Stable |
| 18:46 | Research | Bloodlines |
| 18:51 | Build | Blacksmith |
| 19:04 | Build | Palisade Wall |
| 19:05 | Build | Palisade Wall |
| 19:43 | Create | Villager (Male) |
| 20:00 | Age | Castle Age |
| 20:08 | Create | Villager (Male) |
| 20:22 | Create | Camel Scout |
| 20:22 | Create | Camel Scout |
| 20:22 | Create | Camel Scout |
| 20:22 | Create | Camel Scout |
| 20:23 | Create | Camel Scout |
| 20:23 | Create | Camel Scout |
| 20:23 | Create | Camel Scout |
| 20:28 | Research | Forging |
| 20:28 | Research | Scale Barding Armor |
| 20:30 | Build | House |
| 20:34 | Build | House |
| 20:54 | Create | Camel Scout |
| 20:54 | Create | Camel Scout |
| 20:54 | Create | Camel Scout |
| 21:09 | Build | Town Center |
| 21:18 | Create | Villager (Male) |
| 21:24 | Research | Iron Casting |
| 21:39 | Research | Husbandry |
| 21:44 | Research | Gold Mining |
| 21:46 | Create | Villager (Male) |
| 21:48 | Create | Villager (Male) |
| 22:13 | Create | Camel Scout |
| 22:13 | Create | Camel Scout |
| 22:13 | Create | Camel Scout |
| 22:14 | Create | Camel Scout |
| 22:21 | Build | House |
| 22:22 | Build | House |
| 22:26 | Create | Villager (Male) |
| 22:26 | Create | Villager (Male) |
| 22:28 | Create | Villager (Male) |
| 22:41 | Research | Wheelbarrow |
| 22:41 | Create | Villager (Male) |
| 22:51 | Create | Camel Scout |
| 22:51 | Create | Camel Scout |
| 22:51 | Create | Camel Scout |
| 23:08 | Create | Camel Scout |
| 23:09 | Create | Camel Scout |
| 23:11 | Create | Villager (Male) |
| 23:11 | Create | Villager (Male) |
| 23:12 | Create | Villager (Male) |
| 23:12 | Create | Villager (Male) |
| 23:12 | Create | Villager (Male) |
| 23:13 | Create | Villager (Male) |
| 23:13 | Create | Villager (Male) |
| 23:41 | Create | Villager (Male) |
| 23:41 | Create | Villager (Male) |
Match timeline
| 4:16 | mecA blaZ · wall_segment Palisade Wall x1 |
| 4:19 | mecA blaZ · wall_segment Palisade Wall x12 |
| 6:15 | Gonpachiro Kamaboko · wall_segment Palisade Wall x10 |
| 6:37 | mecA blaZ · wall_segment Palisade Wall x1 |
| 7:49 | Gonpachiro Kamaboko · wall_segment Palisade Wall x15 |
| 7:49 | quinteros.gonza · first_building Barracks |
| 8:15 | kko012 · wall_segment Palisade Wall x4 |
| 8:20 | Gonpachiro Kamaboko · wall_segment Palisade Wall x7 |
| 8:44 | kko012 · wall_segment Palisade Wall x5 |
| 8:48 | mecA blaZ · first_building Barracks |
| 9:17 | quinteros.gonza · age_up feudal |
| 9:20 | quinteros.gonza · first_building Stable |
| 9:30 | kko012 · first_building Barracks |
| 9:50 | mecA blaZ · age_up feudal |
| 9:56 | kko012 · wall_segment Palisade Wall x8 |
| 10:06 | Gonpachiro Kamaboko · wall_segment Palisade Wall x13 |
| 10:16 | Gonpachiro Kamaboko · wall_segment Palisade Wall x3 |
| 10:16 | kko012 · wall_segment Palisade Wall x5 |
| 10:21 | kko012 · wall_segment Palisade Wall x2 |
| 10:30 | kko012 · age_up feudal |
| 10:55 | kko012 · first_building Stable |
| 11:25 | kko012 · wall_segment Palisade Wall x3 |
| 11:26 | Gonpachiro Kamaboko · wall_segment Palisade Wall x12 |
| 11:32 | kko012 · wall_segment Palisade Wall x1 |
| 11:36 | kko012 · wall_segment Palisade Wall x6 |
| 11:39 | Gonpachiro Kamaboko · age_up feudal |
| 13:06 | mecA blaZ · first_building Stable |
| 14:20 | kko012 · wall_segment Palisade Wall x12 |
| 15:49 | Gonpachiro Kamaboko · first_market_sell 100 wood |
| 15:51 | Gonpachiro Kamaboko · first_market_buy 100 stone |
| 16:50 | Gonpachiro Kamaboko · age_up castle |
| 16:57 | Gonpachiro Kamaboko · first_building Castle |
| 17:00 | kko012 · wall_segment Palisade Wall x1 |
| 17:02 | kko012 · wall_segment Palisade Wall x1 |
| 17:02 | quinteros.gonza · first_market_sell 100 wood |
| 17:03 | quinteros.gonza · first_market_buy 100 food |
| 19:04 | quinteros.gonza · wall_segment Palisade Wall x6 |
| 19:05 | quinteros.gonza · wall_segment Palisade Wall x5 |
| 20:00 | quinteros.gonza · age_up castle |
| 20:38 | kko012 · age_up castle |
| 21:50 | mecA blaZ · age_up castle |
| 22:10 | kko012 · first_market_buy 100 wood |
| 24:14 | kko012 · first_building Castle |
| 25:33 | kko012 · first_building Archery Range |
| 25:36 | quinteros.gonza · first_building Archery Range |
| 27:20 | mecA blaZ · first_building Siege Workshop |
| 27:40 | quinteros.gonza · first_building Siege Workshop |
| 29:52 | Gonpachiro Kamaboko · first_building Barracks |
| 30:58 | kko012 · first_market_sell 100 food |
| 31:22 | quinteros.gonza · wall_segment Palisade Wall x1 |
| 31:27 | quinteros.gonza · wall_segment Palisade Wall x1 |
| 32:16 | quinteros.gonza · resign |
[ AI ANALYSIS · 1 CREDIT ]
What really happened in this match?
Wolo.gg analyzes every decision: build order, eco, micro, common mistakes by bracket. Personalized analysis on WhatsApp or Discord in 30 seconds.
Civ guide
Italians
Map guide
Lombardia
Perfil
Gonpachiro Kamaboko